 Dungeon Crawl Stone Soup version 0.32-a0-330-g213d367 (webtiles) character file.

Game seed: 9645303523193301141

13559 Dorkslayer the Cleaver (level 11, -2/93 HPs)
             Began as a Mountain Dwarf Fighter on Feb 15, 2024.
             Was an Initiate of Gozag.
             Incinerated by a deep elf pyromancer (7 damage)
             ... with a pyre arrow
             ... on level 1 of the Orcish Mines on Feb 16, 2024.
             The game lasted 00:32:59 (10556 turns).

Dorkslayer the Cleaver (Mountain Dwarf Fighter)    Turns: 10556, Time: 00:32:59

Health: -2/93      AC: 21    Str: 20    XL:     11   Next: 77%
Magic:  11/11      EV:  7    Int: 10    God:    Gozag
Gold:   1454       SH: 10    Dex: 11    Spells: 10/10 levels left

rFire   . . .        a - +2 war axe
rCold   . . .        c - +0 buckler
rNeg    . . .        A - +0 plate armour
rPois   +            e - +0 helmet
rElec   +            s - +2 cloak
rCorr   .            (no gloves)
SInv    .            q - +2 pair of boots
Will    +....        m - amulet of reflection Stlth
                     g - +4 ring of slaying
HPRegen 0.35/turn    B - ring of poison resistance
MPRegen 0.12/turn

%: reflection
@: on fire, gold aura, glowing
A: runic magic, artefact enchanting, electricity resistance, teleportitis 1
a: Renounce Religion, Potion Petition, Call Merchant, Bribe Branch


You were on level 1 of the Orcish Mines.
You worshipped Gozag.
Gozag was most pleased with you.
You visited 3 branches of the dungeon, and saw 12 of its levels.
You also visited: Sewer.

You collected 1769 gold pieces.
You spent 121 gold pieces at shops.
You paid 194 gold pieces to Gozag.

Inventory:

Hand Weapons
 a - a +2 war axe (weapon)
 v - a +2 heavy trident
 y - a +0 war axe
Missiles
 f - a throwing net
 j - 18 boomerangs (quivered)
Armour
 c - a +0 buckler (worn)
 e - a +0 helmet (worn)
 q - a +2 pair of boots (worn)
 s - a +2 cloak (worn)
 A - a +0 plate armour (worn)
Jewellery
 g - a +4 ring of slaying (left hand)
 m - an amulet of reflection (around neck)
 B - a ring of poison resistance (right hand)
 D - a ring of flight
Wands
 b - a wand of flame (36)
 k - a wand of roots (8)
 z - a wand of paralysis (6)
Scrolls
 i - 3 scrolls of enchant weapon
 l - 5 scrolls of teleportation
 p - 2 scrolls of silence
 r - a scroll of fog
 u - 3 scrolls of immolation
 w - 2 scrolls of revelation
Potions
 h - 4 potions of curing
 o - a potion of haste
 t - a potion of cancellation
 x - a potion of berserk rage
 C - a potion of ambrosia
 E - 2 potions of mutation
 F - a potion of might


   Skills:
 + Level 7.6 Fighting
 + Level 12.4 Axes
 + Level 0.4 Throwing
 + Level 7.5 Armour
 * Level 6.0 Dodging
 + Level 3.6 Stealth
 + Level 7.4 Shields
 * Level 8.6 Evocations


You had 10 spell levels left.
You didn't know any spells.
Your spell library contained the following spells:

 Spells                   Type           Power      Damage    Failure   Level
 Magic Dart               Conj           0%         1d3       67%         1
 Blink                    Tloc           0%         N/A       82%         2
 Call Imp                 Summ           0%         N/A       82%         2
 Lesser Beckoning         Tloc           0%         N/A       82%         2
 Mercury Vapours          Alch/Air       0%         N/A       82%         2
 Sublimation of Blood     Necr           0%         N/A       82%         2
 Gell's Gravitas          Tloc           0%         N/A       96%         3
 Mephitic Cloud           Conj/Alch/Air  0%         N/A       96%         3
 Teleport Other           Tloc           0%         N/A       96%         3
 Petrify                  Alch/Erth      0%         N/A       100%        4
 Summon Blazeheart Golem  Fire/Summ      0%         N/A       100%        4
 Freezing Cloud           Conj/Ice/Air   0%         6-21      100%        5
 Irradiate                Conj/Alch      0%         3d11      100%        5
 Dispersal                Tloc           0%         N/A       100%        6
 Orb of Destruction       Conj           0%         9d5       100%        7
 Spellforged Servitor     Conj/Summ      0%         N/A       100%        7


Dungeon Overview and Level Annotations

Branches:
Dungeon (10/15)            Temple (1/1) D:7            Lair (0/5) D:9
    Orc (1/2) D:10          Sewer (visited)

Altars:
Ashenzari
Cheibriados
Dithmenos
Elyvilon
Fedhas
Gozag
Hepliaklqana
Kikubaaqudgha
Makhleb
Nemelex Xobeh
Okawaru
Qazlal
Ru
Sif Muna
Trog
Uskayaw
Vehumet
Wu Jian
Xom
Yredelemnul
Zin
The Shining One

Shops:
D:5 ?(   D:10 [

Annotations:
Temple 2 transporters


Innate Abilities, Weirdness & Mutations

Your spellcasting is much less encumbered by armour.
You can use scrolls of enchantment on lesser artefacts.
You are resistant to electric shocks. (rElec)
You are occasionally teleported next to monsters.


Message History

The deep elf pyromancer gestures at you while chanting.
The pyre arrow hits you.
You are covered in intense liquid fire!
You shake off some of the fire as you move.
The liquid fire burns you!
* * * LOW HITPOINT WARNING * * *
The fire elemental barely misses you.
The deep elf pyromancer gestures at you while chanting.
The pyre arrow hits you.
You are even more covered in intense liquid fire!
You block the fire elemental's attack. x2
There is a large open door here.
You slash the deep elf pyromancer!
The deep elf pyromancer is severely wounded.
You hit the fire elemental but do no damage.
You slash the fire elemental! The liquid fire burns you!
* * * LOW HITPOINT WARNING * * *
The fire elemental barely misses you.
The deep elf pyromancer casts a spell at you.
The bolt of fire misses you.
The bolt of fire misses the fire elemental.
The fire elemental completely misses you.
You hit the deep elf pyromancer.
The deep elf pyromancer is almost dead.
You slash the fire elemental! You closely miss the fire elemental.
The liquid fire burns you!
* * * LOW HITPOINT WARNING * * *
You block the fire elemental's attack. The fire elemental misses you.
You block the deep elf pyromancer's attack.
You slice the deep elf pyromancer!!
You kill the deep elf pyromancer!
The fire elemental disappears in a puff of smoke! x2
The liquid fire burns you!
* * * LOW HITPOINT WARNING * * *
Unknown command.
You shake off some of the fire as you move.
The liquid fire burns you!
You die...
Your body crumbles into a pile of gold.

##.................$..$..$#....
####......................#####..
#.##....#######''######$$o.###...
.........#**#......####.....##...
#....#...#*,+....).'.##....##....
##.##....#**#......####..o{$o....
#####..##**#......#**#.###o{.#.#
#...#*,+....^.+,*#...#...##.
##..#**#...@$.#**#.....$###. #..#
####§'###* #$..##.#... ##.#
#::§.§+,,* #.....##... ###
#######*** #....#*#.#.
######.#..#####.
##......#.....##.
#.#...#.#......##
###...##.........
#....#..........


There were no monsters in sight!

Vanquished Creatures
  Erica (D:8)
  3 two-headed ogres
  A deep elf pyromancer (Orc:1)
  2 orc sorcerers (Orc:1)
  3 centaur zombies (D:10)
  4 trolls
  3 hornets
  2 shadows (D:10)
  A wyvern (D:9)
  A vampire (D:10)
  6 wraiths
  9 yaks
  3 steam dragons
  A warg (Orc:1)
  Menkaure (D:4)
  5 orc warriors
  An ice beast (D:7)
  A black bear (D:6)
  A swamp drake (Orc:1)
  4 sky beasts
  A crocodile (Sewer)
  2 centaurs (D:9)
  An ogre (Orc:1)
  2 kobold brigands
  2 phantoms (D:5)
  4 bullfrogs
  2 scorpions (D:5)
  5 wights (D:10)
  8 killer bees
  2 electric eels (D:6)
  6 howler monkeys
  2 hounds
  2 jellies
  A gnoll bouda (D:4)
  5 orc priests
  Ijyb (D:3)
  5 iguanas
  12 orc wizards
  9 gnolls
  12 adders
  3 shadow imps
  3 white imps
  4 ufetubi
  A dart slug (D:4)
  5 ribbon worms (Sewer)
  23 orcs
  9 endoplasms
  4 giant cockroaches
  7 goblins
  7 hobgoblins
  4 jackals
  6 quokkas
  13 ball pythons
  5 bats
  4 frilled lizards
  12 kobolds
  5 rats
252 creatures vanquished.

Vanquished Creatures (others)
  A bombardier beetle (D:3)
  2 orcs (Orc:1)
  2 kobolds (D:7)
5 creatures vanquished.

Grand Total: 257 creatures vanquished

Notes
Turn   | Place    | Note
-------+----------+-------------------------------------------
     0 | D:1      | Dorkslayer the Mountain Dwarf Fighter began the quest for
                  | the Orb.
     0 | D:1      | Reached XP level 1. HP: 19/19 MP: 1/1
   131 | D:1      | Reached XP level 2. HP: 17/26 MP: 2/2
   806 | D:1      | Reached XP level 3. HP: 31/31 MP: 3/3
   901 | D:2      | Found Allysis's Antique Weapon Shop.
  1024 | D:2      | Reached skill level 3 in Axes
  1168 | D:2      | Reached skill level 1 in Dodging
  1287 | D:2      | Reached XP level 4. HP: 40/40 MP: 4/4
  1658 | D:3      | Reached skill level 4 in Axes
  1658 | D:3      | Reached XP level 5. HP: 35/46 MP: 5/5
  1710 | D:3      | Found a faded altar of an unknown god.
  1895 | D:3      | Noticed Ijyb
  1924 | D:3      | Killed Ijyb
  2468 | D:4      | Found a radiant altar of Vehumet.
  2496 | D:4      | Noticed Menkaure
  2502 | D:4      | Killed Menkaure
  2503 | D:4      | Reached skill level 5 in Axes
  2503 | D:4      | Reached skill level 1 in Evocations
  2503 | D:4      | Reached XP level 6. HP: 21/52 MP: 6/6
  2625 | D:4      | Identified the +1 falchion of Floods {vamp, rF- rN++ Int+4}
  3065 | D:4      | Reached XP level 7. HP: 38/60 MP: 7/7
  3067 | D:4      | Reached skill level 6 in Axes
  3253 | D:5      | Entered Level 5 of the Dungeon
  3332 | D:5      | Found a glowing drain.
  3337 | Sewer    | Entered a sewer
  3722 | Sewer    | Gained mutation: You are resistant to electric shocks.
                  | (rElec) [potion of mutation]
  3722 | Sewer    | Gained mutation: You are occasionally teleported next to
                  | monsters. [potion of mutation]
  3781 | D:5      | Found Ixzarr's Magic Scroll Boutique.
  3819 | D:5      | Bought a scroll of identify for 24 gold pieces
  3819 | D:5      | Bought a scroll of immolation for 48 gold pieces
  3844 | D:5      | Noticed a +0 lajatang
  3845 | D:5      | Found Kionuil's Weapon Emporium.
  3847 | D:5      | Noticed a +0 great mace
  3871 | D:5      | Upgraded the game from 0.32-a0-314-g526f7d4 to
                  | 0.32-a0-330-g213d367
  3907 | D:5      | Reached skill level 7 in Axes
  3907 | D:5      | Reached skill level 5 in Shields
  3907 | D:5      | Reached XP level 8. HP: 55/67 MP: 8/8
  4715 | D:6      | Found a burning altar of Makhleb.
  4741 | D:6      | Reached skill level 5 in Fighting
  4779 | D:6      | Reached skill level 5 in Armour
  4802 | D:6      | Noticed a troll
  4811 | D:6      | Killed a troll
  4812 | D:6      | Reached skill level 8 in Axes
  4953 | D:6      | Found a white marble altar of Elyvilon.
  5367 | D:6      | Reached XP level 9. HP: 69/74 MP: 9/9
  5719 | D:7      | Found a sacrificial altar of Ru.
  5782 | D:7      | Reached skill level 5 in Evocations
  5880 | D:7      | Reached skill level 9 in Axes
  6251 | D:7      | Found a glowing silver altar of Zin.
  6350 | D:7      | Found a staircase to the Ecumenical Temple.
  6612 | D:8      | Noticed a two-headed ogre
  6623 | D:8      | Killed a two-headed ogre
  6624 | D:8      | Reached skill level 1 in Stealth
  6629 | D:8      | Noticed Erica
  6630 | D:8      | Reached XP level 10. HP: 83/83 MP: 10/10
  6657 | D:8      | Killed Erica
  6658 | D:8      | Reached skill level 10 in Axes
  7030 | Temple   | Found a transporter.
  7030 | Temple   | Found a transporter.
  7030 | Temple   | Found a transporter.
  7030 | Temple   | Found a transporter.
  7030 | Temple   | Entered the Ecumenical Temple
  7044 | Temple   | Became a worshipper of Gozag Ym Sagoz the Greedy
  7229 | D:9      | Noticed a two-headed ogre
  7255 | D:9      | Killed a two-headed ogre
  7601 | D:9      | Found a bloodstained altar of Trog.
  7614 | D:9      | Found an ancient bone altar of Kikubaaqudgha.
  7617 | D:9      | Found a shadowy altar of Dithmenos.
  7726 | D:9      | Reached skill level 11 in Axes
  7726 | D:9      | Reached skill level 5 in Dodging
  7807 | D:9      | Found a sparkling altar of Nemelex Xobeh.
  7902 | D:9      | Found a staircase to the Lair.
  8112 | D:10     | Entered Level 10 of the Dungeon
  8225 | D:10     | Reached XP level 11. HP: 53/91 MP: 11/11
  8226 | D:10     | Found a staircase to the Orcish Mines.
  8226 | D:10     | Found Heirig's Armour Emporium.
  8328 | D:10     | Bought a +0 helmet for 49 gold pieces
  9442 | D:10     | Reached skill level 12 in Axes
  9781 | D:10     | Noticed a two-headed ogre
  9790 | D:10     | Killed a two-headed ogre
  9871 | Orc:1    | Entered Level 1 of the Orcish Mines
 10159 | Orc:1    | Noticed an orc sorcerer
 10174 | Orc:1    | Killed an orc sorcerer
 10315 | Orc:1    | Noticed an orc sorcerer
 10325 | Orc:1    | Paralysed by an orc sorcerer for 2 turns
 10334 | Orc:1    | Killed an orc sorcerer
 10541 | Orc:1    | Noticed a deep elf pyromancer
 10555 | Orc:1    | Killed a deep elf pyromancer
 10556 | Orc:1    | Incinerated by a deep elf pyromancer

Illustrated notes

Levels and vault maps discovered:
D:1:      heliophobic_arrival_dark_side_of_the_moon, layout_loops_ring,
          wander_ebering_terrifying_dragon_lair
D:2:      layout_loops_ring, serial_shops, shop
D:3:      minmay_inner_zag, layout_basic, dreamdust_ecumenical_altar_statues,
          uniq_ijyb
D:4:      layout_basic, mainiacjoe_overflow_alcove_2,
          hangedman_abyss_or_decor_passed, uniq_menkaure
D:5:      layout_basic, serial_shops, nicolae_shop_just_a_little_nook,
          nicolae_shop_mannequins, mainiacjoe_sewer_entry_somewhere_in_here_1,
          lightli_corner_chamber
D:6:      layout_loops_ring, elyvilon_altar_1, makhleb_heckhound_becter,
          water_maze_lemuel
D:7:      layout_loops_ring, lemuel_crystal_altar, hangedman_ru_absence,
          minmay_temple_entry_from_below_a
D:8:      layout_rooms, uniq_erica
D:9:      layout_stronghold, nemelex_diamond_rough_becter, trog_book,
          nicolae_overflow_hidden_temple, lair_entry_dummy
D:10:     layout_loops_ring, orc_david_3, serial_undead, serial_undead_c,
          serial_undead_b, serial_undead_f, serial_undead_f,
          blue_anna_alchemist, nicolae_nh_ransacked_shop
Temple:   hellmonk_temple_divided_pantheon
Orc:1:    layout_diamond_mine, serial_shops, shop_statue, hangedman_minor_magic

Skill      XL: |  1  2  3  4  5  6  7  8  9 10 11 |
---------------+----------------------------------+-----
Axes           | 3 4 5 7 8 9 11 12 | 12.4
Dodging        | 1 2 3 4 5 6 |  6.0
Armour         | 4 5 6 7 |  7.5
Fighting       | 4 5 6 7 |  7.6
Shields        | 4 5 6 7 |  7.4
Evocations     | 1 2 4 6 7 8 |  8.6
Stealth        | 1 3 |  3.6
Throwing       | |  0.4

Action                     |  1- 3 |  4- 6 |  7- 9 | 10-12 || total
---------------------------+-------+-------+-------+-------++-------
  Melee: War axe           |    80 |   130 |   311 |   344 ||   865
  Throw: Boomerang         |       |     1 |     1 |       ||     2
  Evoke: Wand              |       |       |    10 |    21 ||    31
    Use: Scroll            |       |     9 |     6 |     5 ||    20
         Potion            |       |     1 |     6 |     7 ||    14
   Stab: Paralysed         |       |       |    12 |     6 ||    18
         Distracted        |       |       |       |     2 ||     2
 Armour: Scale mail        |    14 |       |       |       ||    14
         Chain mail        |    53 |    65 |   233 |    82 ||   433
         Plate armour      |       |       |       |   173 ||   173
  Dodge: Dodged            |    37 |    41 |    80 |    91 ||   249
  Block: Buckler           |    28 |    56 |   154 |   166 ||   404
         Reflection        |       |     4 |     4 |     7 ||    15

Table legend: (Time is in decaauts)
 A = Elapsed time spent in this place.
 B = Non-inter-level travel time spent in this place.
 C = Inter-level travel time spent in this place.
 D = Time resting spent in this place.
 E = Time spent auto-exploring this place.
 F = Levels seen in this place.
 G = Mean time per level.
                   A        B        C        D        E       F      G
               +--------+--------+--------+--------+--------+-----+--------+
         Total |  10764 |  10591 |    173 |    161 |   5029 |  13 |  828.0 |
       Dungeon |   9539 |   9367 |    172 |      0 |   4849 |  10 |  953.9 |
        Temple |     25 |     25 |      0 |      0 |      0 |   1 |   25.0 |
  Orcish Mines |    677 |    677 |      0 |    161 |    111 |   1 |  677.0 |
         Sewer |    521 |    521 |      0 |      0 |     68 |   1 |  521.0 |
               +--------+--------+--------+--------+--------+-----+--------+

Top non-repeatable levels by time:
    D:10: 1305 daAuts
     D:6: 1211 daAuts
     D:9: 1135 daAuts
     D:7: 1020 daAuts
     D:5: 995 daAuts
     D:1: 918 daAuts
     D:3: 879 daAuts
     D:4: 860 daAuts
   Orc:1: 677 daAuts
     D:2: 669 daAuts
     D:8: 542 daAuts
   Sewer: 521 daAuts
  Temple: 25 daAuts
